 Dungeon Crawl Stone Soup version 0.29.1-2-gbd0b4ee654 (webtiles) character file.

Game seed: 17169685661602903556

2678 RUZZLEFAZAZZLE the Blocker (level 9, -11/74 HPs)
             Began as a Gnoll Fighter on Nov 27, 2022.
             Was an Initiate of the Shining One.
             Mangled by an orc warrior
             ... wielding a +0 halberd
              (12 damage)
             ... in a bailey.
             The game lasted 00:20:53 (7728 turns).

RUZZLEFAZAZZLE the Blocker (Gnoll Fighter)          Turns: 7728, Time: 00:20:54

Health: -11/74     AC: 13    Str: 20    XL:     9   Next: 64%
Magic:  0/15       EV: 10    Int:  7    God:    the Shining One [......]
Gold:   368        SH: 10    Dex: 12    Spells: 17/17 levels left

rFire   + . .      SeeInvis .   t - +2 war axe of Lapto {freeze, rF+ rN+}
rCold   . . .      Faith    .   h - +0 kite shield
rNeg    + . .      Spirit   +   b - +0 scale mail
rPois   .          Reflect  .   f - +2 helmet
rElec   .          Harm     .   (no cloak)
rCorr   .          Rampage  .   (no gloves)
Will    .....                   l - +1 pair of boots
Stlth   +.........              e - amulet of guardian spirit
HPRegen 0.22/turn               (no ring)
MPRegen 0.14/turn               (no ring)

@: glowing
A: fangs 1, strong nose, distributed training
a: Renounce Religion


You were in a bailey.
You worshipped the Shining One.
The Shining One was noncommittal.
You visited 2 branches of the dungeon, and saw 8 of its levels.
You also visited: Bailey.

You collected 368 gold pieces.

Inventory:

Hand Weapons
 d - the +10 morningstar of Enucykk {drain, Dex+3}
   (You acquired it on level 5 of the Dungeon)

   A truly terrible weapon, it drains the life of any living foe it strikes.
   Dex:       It affects your dexterity (+3).
   The Shining One disapproves of the use of such an item.
 m - a +0 hand axe
 t - the +2 war axe of Lapto (weapon) {freeze, rF+ rN+}
   (You found it on level 6 of the Dungeon)

   It freezes those it strikes, dealing additional cold damage.
   It can also slow down cold-blooded creatures.
   rF:        It protects you from fire.
   rN:        It protects you from negative energy.
Missiles
 j - 2 boomerangs (quivered)
Armour
 b - a +0 scale mail (worn)
 f - a +2 helmet (worn)
 h - a +0 kite shield (worn)
 l - a +1 pair of boots (worn)
Jewellery
 e - an amulet of guardian spirit (around neck)
Wands
 n - a wand of roots (7)
Scrolls
 i - 5 scrolls of identify
 k - a scroll of teleportation
 o - a scroll of blinking
Potions
 a - a potion of flight
 g - a potion of resistance
 q - a potion of brilliance
 r - 2 potions of berserk rage
 s - a potion of invisibility


   Skills:
 + Level 8.1 Fighting
 + Level 4.6 Short Blades
 + Level 4.6 Long Blades
 + Level 6.6 Axes
 + Level 4.6 Maces & Flails
 + Level 4.6 Polearms
 + Level 4.6 Staves
 + Level 4.6 Ranged Weapons
 + Level 4.6 Throwing
 + Level 8.1 Armour
 + Level 4.6 Dodging
 + Level 4.6 Stealth
 + Level 8.1 Shields
 + Level 4.6 Unarmed Combat
 + Level 4.6 Spellcasting
 + Level 3.8 Conjurations
 + Level 3.8 Hexes
 + Level 3.8 Summonings
 + Level 3.8 Necromancy
 + Level 3.8 Translocations
 + Level 3.8 Transmutations
 + Level 3.8 Fire Magic
 + Level 3.8 Ice Magic
 + Level 3.8 Air Magic
 + Level 3.8 Earth Magic
 + Level 3.8 Poison Magic
 + Level 5.1 Invocations
 + Level 4.6 Evocations


You had 17 spell levels left.
You didn't know any spells.
Your spell library contained the following spells:

 Spells                   Type           Power      Damage    Failure   Level
 Sublimation of Blood     Necr           6%         N/A       50%         2
 Gell's Gravitas          Tloc           6%         N/A       75%         3
 Teleport Other           Tloc           6%         N/A       75%         3
 Petrify                  Tmut/Erth      6%         N/A       98%         4
 Alistair's Intoxication  Tmut/Pois      4%         N/A       100%        5
 Borgnjor's Vile Clutch   Necr/Erth      3%         N/A       100%        5
 Irradiate                Conj/Tmut      3%         3d12      100%        5
 Dispersal                Tloc           3%         N/A       100%        6
 Eringya's Noxious Bog    Tmut/Pois      3%         N/A       100%        6


Dungeon Overview and Level Annotations

Branches:
Dungeon (7/15)             Temple (1/1) D:6          Bailey (1/1)

Altars:
Ashenzari
Cheibriados
Elyvilon
Fedhas
Gozag
Hepliaklqana
Makhleb
Nemelex Xobeh
Sif Muna
Uskayaw
Vehumet
Wu Jian
Zin
The Shining One

Annotations:
D:5 3 runed translucent doors, crossborder's ghost, amateur DrWn


Innate Abilities, Weirdness & Mutations

You have very sharp teeth.
Your uncanny sense of smell can sniff out nearby items.
Your experience applies equally to all skills.


Message History

The orc warrior is severely wounded.
You block the orc warrior's attack.
The orc warrior hits you from afar with a +0 halberd!
You barely miss the orc warrior.
You bite the orc warrior, but do no damage.
The orc warrior is severely wounded.
The orc warrior hits you but does no damage.
The orc warrior barely misses you.
The orc warrior hits you but does no damage.
You hit the orc warrior. You freeze the orc warrior.
The orc warrior is severely wounded.
You block the orc warrior's attack.
The orc warrior hits you but does no damage. x2
The orc warrior hits you from afar with a +0 halberd.
The orc warrior misses you. You block the orc warrior's attack.
You barely miss the orc warrior.
The orc warrior is severely wounded.
You block the orc warrior's attack. x2
The orc warrior hits you with a +0 glaive!
* * * LOW HITPOINT WARNING * * *
You hit the orc warrior. You freeze the orc warrior.
You bite the orc warrior, but do no damage.
The orc warrior is almost dead.
The orc warrior hits you but does no damage.
The orc warrior hits you from afar with a +0 halberd!
* * * LOW HITPOINT WARNING * * *
You block the orc warrior's attack.
Your divine halo glows too brightly to become invisible.
The orc warrior misses you.
There is a large open door here.
As you read the scroll of fog, it crumbles to dust.
The scroll dissolves into smoke.
The orc warrior hits you from afar with a +0 halberd!
* * * LOW HITPOINT WARNING * * *
The orc warrior barely misses you.
You feel better.
The orc warrior hits you from afar with a +0 halberd!
* * * LOW HITPOINT WARNING * * *
The orc warrior hits you from afar with a +0 halberd!
You die...

#...≈≈≈≈≈♣..###
##.♣..≈≈≈≈♣..#∆.
###.....≈≈≈≈...#..
♣♣♣....♣..≈≈≈≈.♣.##.
♣♣.........≈≈≈≈....#.
♣.........######...#.
♣.§§§.§............#.
♣.§§§§o......))....'.
♣.§§@§o.o..........')
♣..§§§o............#.
♣...§§§...######...#.
♣♣......♣..≈≈ ≈....#o
♣♣♣...♣♣..≈≈≈≈...##.
###.....≈≈≈≈...#..
####..≈≈≈≈≈..#$.
#...≈≈≈≈..###


You could see 3 orc warriors.

Vanquished Creatures
  A hornet (D:7)
  Grinder (D:5)
  Sigmund (D:2)
  2 steam dragons (D:5)
  A water moccasin (D:5)
  An orc warrior (Bailey)
  A sky beast (D:6)
  2 centaurs (D:5)
  2 phantoms
  A kobold brigand (D:5)
  3 bullfrogs
  A necrophage (D:4)
  3 scorpions
  A gnoll sergeant (D:2)
  A howler monkey (D:5)
  2 jellies
  2 hounds
  A gnoll bouda (D:6)
  2 orc priests (D:5)
  2 iguanas (D:5)
  Natasha (thrice) (D:3)
  2 orc wizards
  Robin (D:2)
  10 gnolls
  7 adders
  2 white imps (D:6)
  An ufetubus (D:3)
  A worm (D:2)
  3 dart slugs
  13 orcs
  2 bats
  6 endoplasms
  3 giant cockroaches
  15 goblins
  12 hobgoblins
  4 jackals (D:3)
  4 quokkas
  5 ball pythons
  3 frilled lizards
  12 kobolds
  2 rats (D:3)
142 creatures vanquished.

Vanquished Creatures (others)
  2 fungi (D:5)
2 creatures vanquished.

Grand Total: 144 creatures vanquished

Notes
Turn   | Place    | Note
-------+----------+-------------------------------------------
     0 | D:1      | RUZZLEFAZAZZLE the Gnoll Fighter began the quest for the
                  | Orb.
     0 | D:1      | Reached XP level 1. HP: 23/23 MP: 1/1
   253 | D:1      | Found a faded altar of an unknown god.
   371 | D:1      | Reached XP level 2. HP: 29/29 MP: 2/2
  1191 | D:2      | Reached XP level 3. HP: 35/35 MP: 3/3
  1218 | D:2      | Noticed Sigmund
  1227 | D:2      | Killed Sigmund
  1228 | D:2      | Reached skill level 1 in Short Blades
  1228 | D:2      | Reached skill level 1 in Long Blades
  1228 | D:2      | Reached skill level 1 in Maces & Flails
  1228 | D:2      | Reached skill level 1 in Polearms
  1228 | D:2      | Reached skill level 1 in Staves
  1228 | D:2      | Reached skill level 1 in Ranged Weapons
  1228 | D:2      | Reached skill level 1 in Throwing
  1228 | D:2      | Reached skill level 1 in Dodging
  1228 | D:2      | Reached skill level 1 in Stealth
  1228 | D:2      | Reached skill level 1 in Unarmed Combat
  1228 | D:2      | Reached skill level 1 in Spellcasting
  1228 | D:2      | Reached skill level 1 in Conjurations
  1228 | D:2      | Reached skill level 1 in Hexes
  1228 | D:2      | Reached skill level 1 in Summonings
  1228 | D:2      | Reached skill level 1 in Necromancy
  1228 | D:2      | Reached skill level 1 in Translocations
  1228 | D:2      | Reached skill level 1 in Transmutations
  1228 | D:2      | Reached skill level 1 in Fire Magic
  1228 | D:2      | Reached skill level 1 in Ice Magic
  1228 | D:2      | Reached skill level 1 in Air Magic
  1228 | D:2      | Reached skill level 1 in Earth Magic
  1228 | D:2      | Reached skill level 1 in Poison Magic
  1228 | D:2      | Reached skill level 1 in Invocations
  1228 | D:2      | Reached skill level 1 in Evocations
  1228 | D:2      | Reached XP level 4. HP: 32/41 MP: 2/6
  1228 | D:2      | Reached XP level 5. HP: 36/47 MP: 2/7
  1373 | D:2      | Noticed Robin
  1466 | D:2      | Killed Robin
  2158 | D:3      | Noticed Natasha
  2165 | D:3      | Killed Natasha
  2166 | D:3      | Reached XP level 6. HP: 53/53 MP: 8/8
  2321 | D:3      | Reached skill level 5 in Axes
  2364 | D:3      | Noticed Natasha
  2373 | D:3      | Killed Natasha
  2438 | D:3      | Noticed Natasha
  2450 | D:3      | Killed Natasha
  3452 | D:3      | Reached XP level 7. HP: 57/60 MP: 8/10
  4113 | D:4      | Found a snail-covered altar of Cheibriados.
  4566 | D:4      | Found an opulent altar of Gozag.
  4777 | D:5      | Entered Level 5 of the Dungeon
  4898 | D:5      | Reached XP level 8. HP: 13/67 MP: 3/12
  5255 | D:5      | Noticed crossborder's ghost (amateur DrWn)
  5333 | D:5      | Noticed Grinder
  5701 | D:5      | Identified a scroll of acquirement
  5701 | D:5      | Acquired the +10 morningstar of Enucykk {drain, Dex+3}
  5722 | D:5      | Paralysed by Grinder for 5 turns
  5727 | D:5      | Killed Grinder
  5927 | D:5      | Found a runed translucent gate.
  5935 | D:5      | Found a runed translucent gate.
  5936 | D:5      | Found a runed translucent gate.
  6108 | D:5      | Reached XP level 9. HP: 40/73 MP: 7/15
  6533 | D:6      | Identified the +2 war axe of Lapto {freeze, rF+ rN+}
  6829 | D:6      | Found a burning altar of Makhleb.
  7007 | D:6      | Found a staircase to the Ecumenical Temple.
  7016 | Temple   | Entered the Ecumenical Temple
  7187 | Temple   | Became a worshipper of the Shining One
  7454 | D:7      | Noticed a hornet
  7460 | D:7      | Paralysed by a hornet for 2 turns
  7464 | D:7      | Killed a hornet
  7465 | D:7      | Reached skill level 5 in Invocations
  7507 | D:7      | Found a flagged portal.
  7517 | Bailey   | Entered a bailey
  7726 | Bailey   | HP: 2/74 [orc warrior/+0 halberd (8)]
  7728 | Bailey   | Mangled by an orc warrior

Illustrated notes

Levels and vault maps discovered:
D:1:      amcnicky_arrival_single_pillar, layout_loops_corners,
          shapermc_ecumenical_altar_mp_highgroup, serial_park_tiny_pond
D:2:      layout_loops_ring, uniq_sigmund, uniq_robin
D:3:      layout_basic, uniq_natasha
D:4:      layout_basic, kennysheep_slug_shrine,
          mainiacjoe_overflow_concentric_impassable, dk_noncrumbling_4,
          minmay_misc_feat_enclosed
D:5:      kennysheep_steamy, layout_basic, gammafunk_ghost_split, uniq_grinder
D:6:      layout_basic, old_standard_altar, minmay_temple_entry_junction,
          corexii_shack, roderic_roman_lattice
D:7:      layout_basic, mainiacjoe_overflow_cross_hatched, enter_bailey_3,
          hangedman_glass_teeth, bh_walls_and_bars, uniq_joseph
Temple:   chequers_temple_sunken
Bailey:   bailey_polearm_elven_captive_hellmonk, bailey

Skill      XL: |  1  2  3  4  5  6  7  8  9 |
---------------+----------------------------+-----
Short Blades   | 1 2 3 4 |  4.6
Long Blades    | 1 2 3 4 |  4.6
Maces & Flails | 1 2 3 4 |  4.6
Polearms       | 1 2 3 4 |  4.6
Staves         | 1 2 3 4 |  4.6
Ranged Weapons | 1 2 3 4 |  4.6
Throwing       | 1 2 3 4 |  4.6
Dodging        | 1 2 3 4 |  4.6
Stealth        | 1 2 3 4 |  4.6
Unarmed Combat | 1 2 3 4 |  4.6
Spellcasting   | 1 2 3 4 |  4.6
Conjurations   | 1 2 3 |  3.8
Hexes          | 1 2 3 |  3.8
Summonings     | 1 2 3 |  3.8
Necromancy     | 1 2 3 |  3.8
Translocations | 1 2 3 |  3.8
Transmutations | 1 2 3 |  3.8
Fire Magic     | 1 2 3 |  3.8
Ice Magic      | 1 2 3 |  3.8
Air Magic      | 1 2 3 |  3.8
Earth Magic    | 1 2 3 |  3.8
Poison Magic   | 1 2 3 |  3.8
Invocations    | 1 2 3 4 5 |  5.1
Evocations     | 1 2 3 4 |  4.6
Axes           | 5 6 |  6.6
Fighting       | 7 8 |  8.1
Armour         | 7 8 |  8.1
Shields        | 7 8 |  8.1

Action                   |  1- 3 |  4- 6 |  7- 9 || total
-------------------------+-------+-------+-------++-------
Melee: War axe           |    51 |    35 |    52 ||   138
       Bite              |     3 |    12 |    37 ||    52
       Hand axe          |       |   159 |   188 ||   347
       Morningstar       |       |       |    69 ||    69
  Use: Scroll            |     6 |     5 |    11 ||    22
       Potion            |     2 |     5 |     6 ||    13
Armor: Scale mail        |    18 |    83 |   107 ||   208
       Skin              |       |    34 |    12 ||    46
Dodge: Dodged            |    23 |    91 |   119 ||   233
Block: Buckler           |     6 |    55 |       ||    61
       Kite shield       |       |     9 |   197 ||   206
